 Dungeon Crawl Stone Soup version 0.31-a0-700-gf13585253f (webtiles) character file.

Game seed: 13343402128323392627

385 qw the Shooter (level 6, -5/38 HPs)
             Began as a Gargoyle Hunter on Sept 7, 2023.
             Slain by a mummy (15 damage)
             ... in an ossuary.
             The game lasted 00:00:48 (2063 turns).

qw the Shooter (Gargoyle Hunter)                    Turns: 2063, Time: 00:00:49

Health: -5/38      AC:  9    Str: 15    XL:     6   Next: 77%
Magic:  6/6        EV: 12    Int:  9    God:
Gold:   35         SH:  0    Dex: 15    Spells: 5/5 levels left

rFire   + . .        Y - +0 shortbow (drain)
rCold   + . .        (shield currently unavailable)
rNeg    + . .        f - +2 robe {rC+ rF+}
rPois   inf          (no helmet)
rElec   +            (no cloak)
rCorr   .            e - +0 pair of gloves
SInv    .            (no boots)
Will    .....        (no amulet)
Stlth   ++           (no ring)
HPRegen 0.26/turn    (no ring)
MPRegen 0.10/turn

%: no passive effects
@: no status effects
A: sickness immunity, AC +4, negative energy resistance 1, electricity
resistance, torment resistance 1, petrification resistance
a: no special abilities


You were in an ossuary.
You visited 1 branch of the dungeon, and saw 4 of its levels.
You also visited: Ossuary.

You collected 143 gold pieces.
You spent 108 gold pieces at shops.


Innate Abilities, Weirdness & Mutations

You are immune to sickness and miasma.
Your stone body is resilient. (AC +4)
You are immune to poison.
You resist negative energy. (rN+)
You are resistant to electric shocks. (rElec)
You are resistant to unholy torment.
You are immune to petrification.


   Skills:
 - Level 4.0 Fighting
 - Level 7.1 Ranged Weapons
 + Level 1.7 Dodging
 - Level 1.1 Stealth


You had 5 spell levels left.
You didn't know any spells.
Your spell library was empty.

Inventory:

Hand Weapons
 Y - a +0 shortbow of draining (weapon)
Armour
 e - a +0 pair of gloves (worn)
 f - a +2 robe of resistance (worn)
Scrolls
 b - a scroll of identify
Potions
 a - a potion of curing {unknown}
 c - a potion of might

Dungeon Overview and Level Annotations

Branches:
Dungeon (4/15)            Ossuary (1/1)
 Temple: D:4-7

Altars:
Xom
The Shining One

Shops:
D:1 =   D:3 *


Message History

The arrow hits the mummy but does no damage.
The mummy is heavily damaged.
You shoot an arrow.
The arrow hits the hobgoblin zombie but does no damage.
You shoot an arrow. The arrow hits the hobgoblin zombie.
The hobgoblin zombie is heavily damaged.
A mummy comes into view.
You shoot an arrow.
The arrow completely misses the hobgoblin zombie.
You shoot an arrow. The arrow hits the hobgoblin zombie!
You destroy the hobgoblin zombie!
You shoot an arrow.
The arrow hits the mummy but does no damage.
The mummy is heavily damaged.
You shoot an arrow.
The arrow hits the mummy but does no damage.
You shoot an arrow. The arrow hits the mummy!
The mummy is almost destroyed.
You shoot an arrow. The arrow barely misses the mummy.
You shoot an arrow. The arrow barely misses the mummy.
The mummy barely misses you.
You shoot an arrow. The arrow hits the mummy.
You destroy the mummy!
The mummy hits you!
You shoot an arrow. The arrow hits the mummy.
The mummy is moderately damaged.
You shoot an arrow. The arrow hits the mummy.
The mummy is heavily damaged.
The mummy misses you. The mummy hits you!
You shoot an arrow.
The arrow hits the mummy but does no damage.
The mummy is heavily damaged.
You shoot an arrow.
The arrow hits the mummy but does no damage.
The mummy is heavily damaged.
The mummy closely misses you. The mummy hits you!
The mummy hits you but does no damage.
You shoot an arrow. The arrow closely misses the mummy.
The mummy hits you!
You die...

...........
.........
........
......
#....#
#....#
#MMZ.#
#M@..#
#....#
#....#
#....#
#....#
#.\\.#
######


You could see 3 mummies and a gnoll zombie.

Vanquished Creatures
  A phantom (D:4)
  2 scorpions
  A jelly (D:4)
  A gnoll bouda (D:4)
  Jessica (D:2)
  A mummy (Ossuary)
  2 adders
  2 orcs (D:4)
  6 endoplasms
  2 giant cockroaches
  9 goblins
  9 hobgoblins
  4 kobolds
  4 quokkas
  5 ball pythons
  5 bats
  4 frilled lizards
  2 hobgoblin zombies (Ossuary)
  An orc zombie (Ossuary)
  7 rats
69 creatures vanquished.

Notes
Turn   | Place    | Note
-------+----------+-------------------------------------------
     0 | D:1      | qw the Gargoyle Hunter began the quest for the Orb.
     0 | D:1      | Reached XP level 1. HP: 12/12 MP: 1/1
     0 | D:1      | 0 ||| qw: Version: 0.3-a-76-g4403597
     0 | D:1      | 0 ||| qw: Game counter: 699
     0 | D:1      | 0 ||| qw: Melee chars always use a shield: true
     0 | D:1      | 0 ||| qw: God list: Okawaru
     0 | D:1      | 0 ||| qw: Allow faded altars: false
     0 | D:1      | 0 ||| qw: Do Orc after clearing Dungeon:15 true
     0 | D:1      | 0 ||| qw: Do second Lair branch before Depths: true
     0 | D:1      | 0 ||| qw: Lair rune preference: random
     0 | D:1      | 0 ||| qw: Goals: Normal
     0 | D:1      | 0 ||| PLANNING D:1-11
   125 | D:1      | Reached XP level 2. HP: 17/17 MP: 2/2
   227 | D:1      | Found Zewoim's Jewellery Emporium.
   260 | D:1      | 260 ||| SHOPLISTING +5 ring of evasion (360 gold, have 27).
   260 | D:1      | 260 ||| SHOPLISTING amulet of reflection (300 gold, have
                  | 27).
   260 | D:1      | 260 ||| SHOPLISTING ring "Baadorhe" {+Blink Fly rC+} (385
                  | gold, have 27).
   260 | D:1      | 260 ||| SHOPLISTING ring of resist corrosion (200 gold,
                  | have 27).
   260 | D:1      | 260 ||| SHOPLISTING ring of see invisible (150 gold, have
                  | 27).
   759 | D:1      | 759 ||| READING scroll labelled ZIR ACUIR DITS.
   760 | D:1      | 760 ||| DROPPING scroll of butterflies.
   883 | D:2      | Reached XP level 3. HP: 21/21 MP: 3/3
   939 | D:2      | Reached skill level 5 in Ranged Weapons
   957 | D:2      | Noticed Jessica
   959 | D:2      | Killed Jessica
   960 | D:2      | Reached skill level 3 in Fighting
  1098 | D:2      | 1098 ||| READING 3 scrolls labelled CECHIF LUAD.
  1099 | D:2      | 1099 ||| READING 2 scrolls of identify.
  1099 | D:2      | 1099 ||| IDENTIFYING amethyst potion
  1100 | D:2      | 1100 ||| DROPPING potion of attraction.
  1118 | D:3      | 1118 ||| STAIRDANCE
  1124 | D:2      | Reached XP level 4. HP: 28/28 MP: 4/4
  1274 | D:3      | Noticed a scorpion
  1280 | D:3      | Killed a scorpion
  1281 | D:3      | Reached XP level 5. HP: 27/32 MP: 5/5
  1311 | D:3      | Found Jogeuffuin's Assorted Antiques.
  1326 | D:3      | 1326 ||| BUYING glowing robe (85 gold).
  1326 | D:3      | Bought a glowing robe for 85 gold pieces
  1326 | D:3      | 1326 ||| SHOPLISTING pair of embroidered gloves (172 gold,
                  | have 26).
  1326 | D:3      | 1326 ||| SHOPLISTING runed brass amulet (115 gold, have
                  | 26).
  1326 | D:3      | 1326 ||| BUYING scroll labelled FOJEORH XOENA (23 gold).
  1326 | D:3      | Bought a scroll labelled FOJEORH XOENA for 23 gold pieces
  1326 | D:3      | 1326 ||| SHOPLISTING scroll labelled MOUPYN VEDEB (23 gold,
                  | have 3).
  1326 | D:3      | 1326 ||| SHOPLISTING scroll of brand weapon (218 gold, have
                  | 3).
  1693 | D:3      | Reached skill level 6 in Ranged Weapons
  1707 | D:3      | Found a glowing golden altar of the Shining One.
  1752 | D:3      | 1752 ||| UPGRADING to +0 pair of gloves.
  1757 | D:3      | 1757 ||| UPGRADING to +2 robe of resistance.
  1767 | D:3      | 1767 ||| DROPPING +0 leather armour.
  1768 | D:3      | 1768 ||| READING scroll labelled FOJEORH XOENA.
  1773 | D:3      | 1773 ||| DRINKING 2 sedimented dark potions.
  1774 | D:3      | 1774 ||| READING 3 scrolls of identify.
  1774 | D:3      | 1774 ||| IDENTIFYING bubbling white potion
  1775 | D:3      | 1775 ||| DROPPING potion of brilliance.
  1776 | D:3      | 1776 ||| DROPPING potion of lignification.
  1794 | D:4      | 1794 ||| PLANNING OSSUARY
  1822 | D:4      | Noticed a phantom
  1823 | D:4      | 1823 ||| Stepping ~*~*~tactically~*~*~ (retreating).
  1824 | D:4      | 1824 ||| Stepping ~*~*~tactically~*~*~ (retreating).
  1827 | D:4      | 1827 ||| Stepping ~*~*~tactically~*~*~ (retreating).
  1828 | D:4      | 1828 ||| Stepping ~*~*~tactically~*~*~ (retreating).
  1840 | D:4      | 1840 ||| Stepping ~*~*~tactically~*~*~ (retreating).
  1841 | D:4      | 1841 ||| Stepping ~*~*~tactically~*~*~ (retreating).
  1842 | D:4      | 1842 ||| Stepping ~*~*~tactically~*~*~ (retreating).
  1849 | D:4      | Killed a phantom
  1850 | D:4      | Reached XP level 6. HP: 20/38 MP: 6/6
  1862 | D:4      | 1862 ||| FLEEEEING.
  1863 | D:4      | 1863 ||| FLEEEEING.
  1864 | D:4      | 1864 ||| STAIRDANCE
  1951 | D:3      | 1951 ||| READING scroll labelled CEIGRE UDANKEL.
  1952 | D:3      | 1952 ||| READING 2 scrolls of identify.
  1952 | D:3      | 1952 ||| IDENTIFYING white potion
  1962 | D:4      | Found a shimmering altar of Xom.
  2022 | D:4      | Reached skill level 7 in Ranged Weapons
  2029 | D:4      | Found a sand-covered staircase.
  2034 | Ossuary  | Entered an ossuary
  2063 | Ossuary  | Slain by a mummy

Levels and vault maps discovered:
D:1:      amcnicky_arrival_blooded_trapdoor, layout_basic, serial_shops, shop
D:2:      layout_rooms, uniq_jessica
D:3:      minmay_evil_eye, layout_loops_ring, tso_altar, serial_shops,
          nicolae_shop_overgrown_old_shop
D:4:      layout_basic, xom_confusion_cloud, grunt_dithmenos_smoke_and_mirrors,
          enter_ossuary_2
Ossuary:  ossuary_tomb_3

Skill      XL: |  1  2  3  4  5  6 |
---------------+-------------------+-----
Ranged Weapons | 5 6 7 |  7.1
Fighting       | 3 4 |  4.0
Dodging        | |  1.7
Stealth        | |  1.1

Action                     |  1- 3 |  4- 6 || total
---------------------------+-------+-------++-------
   Fire: Shortbow          |    68 |   114 ||   182
    Use: Scroll            |     3 |     4 ||     7
         Potion            |       |     1 ||     1
 Armour: Leather armour    |    11 |     7 ||    18
         Robe              |       |    25 ||    25
  Dodge: Dodged            |    14 |    29 ||    43

Table legend:
 A = Non-vault XP
 B = Vault XP
 C = Vault XP percentage of total XP
 D = Non-vault monster count
 E = Vault monster count
 F = Vault count percentage of total count
                 A         B        C        D         E       F
            +---------+---------+-------+---------+---------+-------
      Total |     419 |     131 |  23.8 |      52 |      17 |  24.6
            +---------+---------+-------+---------+---------+-------
        D:1 |      29 |       0 |   0.0 |      17 |       0 |   0.0
        D:2 |      15 |      37 |  71.2 |      10 |       1 |   9.1
        D:3 |     123 |       4 |   3.1 |      17 |       2 |  10.5
        D:4 |     252 |      69 |  21.5 |       8 |      10 |  55.6
    Ossuary |       0 |      21 | 100.0 |       0 |       4 | 100.0
            +---------+---------+-------+---------+---------+-------
